 Dungeon Crawl Stone Soup version 0.32-a0-818-gb728d0252e (webtiles) character file.

Game seed: 12440114072403984611

3360 smashvw the Slicer (level 10, -4/53 (57) HPs)
             Began as a Vine Stalker Fighter on Mar 24, 2024.
             Was a Follower of Okawaru.
             Slain by a two-headed ogre
             ... wielding a +0 giant spiked club
              (12 damage)
             ... on level 8 of the Dungeon.
             The game lasted 00:15:46 (6257 turns).

smashvw the Slicer (Vine Stalker Fighter)           Turns: 6257, Time: 00:15:47

HP:   -4/53 (57)    AC: 15    Str: 20    XL:     10   Next: 3%
MP:   0/11          EV:  4    Int:  8    God:    Okawaru [*.....]
Gold: 312           SH: 10    Dex: 17    Spells: 9/9 levels left

rFire   . . .        y - +0 dagger (venom)
rCold   . . .        c - +0 buckler
rNeg    . . .        e - +0 plate armour
rPois   .            B - +1 helmet
rElec   .            (no cloak)
rCorr   .            m - +0 pair of gloves
SInv    .            n - +0 pair of boots
Will    +....        h - amulet of reflection Stlth
                     (no ring)
HPRegen 1.08/turn    (no ring)
MPRegen 0.12/turn

%: reflection, guardian spirit
@: mighty, drained
A: fangs 3, regeneration 1, magic shield, antimagic bite, no potion heal 2
a: Renounce Religion, Heroism


You were on level 8 of the Dungeon.
You worshipped Okawaru.
Okawaru was aware of your devotion.
You visited 2 branches of the dungeon, and saw 10 of its levels.
You also visited: Sewer.

You collected 312 gold pieces.

Inventory:

Hand Weapons
 a - a +0 rapier
 y - a +0 dagger of venom (weapon)
Missiles
 q - 21 poisoned darts (quivered)
 I - a curare-tipped dart
Armour
 c - a +0 buckler (worn)
 e - a +0 plate armour (worn)
 m - a +0 pair of gloves (worn)
 n - a +0 pair of boots (worn)
 B - a +1 helmet (worn)
Jewellery
 h - an amulet of reflection (around neck)
 k - a ring of see invisible
 v - a ring of ice
 x - an amulet of faith
 C - a +6 ring of dexterity
 D - a ring of positive energy
 E - a ring of resist corrosion
Wands
 s - a wand of paralysis (12)
 u - a wand of warping (14)
 A - a wand of quicksilver (6)
Scrolls
 f - 3 scrolls of teleportation
 g - a scroll of enchant armour
 i - 5 scrolls of amnesia
 j - a scroll of vulnerability {unknown}
 l - 3 scrolls of fear {unknown}
 w - a scroll of brand weapon {unknown}
 z - 2 scrolls of revelation
 H - a scroll of poison {unknown}
 J - a scroll of noise {unknown}
Potions
 b - a potion of berserk rage {unknown}
 d - 3 potions of might
 o - 5 potions of curing {unknown}
 p - 2 potions of haste {unknown}
 r - a potion of cancellation
 t - a potion of attraction
 F - a potion of heal wounds {unknown}
 G - 2 potions of brilliance {unknown}


   Skills:
 + Level 8.5 Fighting
 * Level 9.1 Short Blades
 - Level 2.4 Armour
 - Level 5.0 Shields


You had 9 spell levels left.
You didn't know any spells.
Your spell library contained the following spells:

 Spells                   Type           Power      Damage    Failure   Level
 Summon Small Mammal      Summ           Unusable   N/A       N/A         1
 Call Canine Familiar     Summ           Unusable   N/A       N/A         3
 Summon Blazeheart Golem  Fire/Summ      Unusable   N/A       N/A         4

Dungeon Overview and Level Annotations

Branches:
Dungeon (9/15)             Temple (1/1) D:6           Sewer (visited)
   Lair: D:8-11         Orc: D:9-12

Altars:
Ashenzari
Cheibriados
Dithmenos
Elyvilon
Fedhas
Makhleb
Nemelex Xobeh
Okawaru
Qazlal
Ru
Sif Muna
Trog
Vehumet
Wu Jian
Xom
Yredelemnul
Zin
The Shining One

Shops:
D:7 (


Innate Abilities, Weirdness & Mutations

You have razor-sharp teeth.
Your natural rate of healing is unusually fast.
When hurt, damage is shared between your health and your magic reserves.
Your bite disrupts and absorbs the magic of your enemies.
Potions cannot restore your health.


Message History

You fail to use your ability.
The wight hits you from afar with a +0 trident!
* * * LOW HITPOINT WARNING * * *
You feel drained.
* * * LOW HITPOINT WARNING * * *
You feel very mighty all of a sudden.
The two-headed ogre hits you but does no damage.
The two-headed ogre barely misses you. You block the wight's attack.
You hit the two-headed ogre.
The two-headed ogre looks as sick as possible!
The two-headed ogre is lightly wounded.
You hit the two-headed ogre but do no damage.
The two-headed ogre looks as sick as possible!
Your bite misses the two-headed ogre.
The two-headed ogre is lightly wounded.
The two-headed ogre barely misses you.
The two-headed ogre hits you with a +0 giant club!
* * * LOW HITPOINT WARNING * * *
You block the wight's attack.
You puncture the two-headed ogre!
The two-headed ogre looks as sick as possible!
Your bite misses the two-headed ogre.
The two-headed ogre is moderately wounded.
You block the wight's attack.
You hit the two-headed ogre.
The two-headed ogre looks as sick as possible!
The two-headed ogre is moderately wounded.
A wight comes into view.
It is wielding a +2 short sword of freezing.
You block the two-headed ogre's attack.
The two-headed ogre hits you but does no damage.
You hit the two-headed ogre.
The two-headed ogre is heavily wounded.
The wight hits you but does no damage.
You puncture the two-headed ogre!
The two-headed ogre looks as sick as possible!
You bite the two-headed ogre!! You drain its power.
You feel invigorated.
The two-headed ogre is almost dead.
The wight hits you but does no damage.
The two-headed ogre hits you with a +0 giant spiked club!!
You die...

.#...##...#
.....##..#
O..O.....#
###......#
####..## ##z.#
#.O## ### ##..#
##.# #..## ##@##
##..# ##O##
#..###z.#
##...#..##
##....z..#
###........#
###<......##.##
..........###.##
........).####.#


You could see a two-headed ogre (extremely poisoned) and 2 wights.

Vanquished Creatures
  Joseph (D:7)
  Sigmund (D:3)
  A wyvern (D:9)
  A black bear (D:7)
  4 ogres
  2 centaurs
  A phantom (D:2)
  4 kobold brigands
  2 brain worms (Sewer)
  Blork the orc (D:4)
  3 bullfrogs
  2 scorpions (D:4)
  3 killer bees (D:7)
  4 bombardier beetles
  3 hounds
  A gnoll bouda (D:7)
  5 orc priests
  Natasha (D:3)
  Terence (D:3)
  6 iguanas
  4 orc wizards
  13 gnolls
  17 adders
  2 river rats (Sewer)
  A shadow imp (D:5)
  A white imp (D:7)
  2 ufetubi (D:5)
  4 dart slugs
  4 ribbon worms
  20 orcs
  3 endoplasms
  8 giant cockroaches
  3 hobgoblins
  3 jackals (Sewer)
  3 quokkas
  4 ball pythons
  6 bats
  4 frilled lizards
  7 goblins
  11 kobolds
  6 rats
173 creatures vanquished.

Notes
Turn   | Place    | Note
-------+----------+-------------------------------------------
     0 | D:1      | smashvw the Vine Stalker Fighter began the quest for the
                  | Orb.
     0 | D:1      | Reached XP level 1. HP: 11/11 MP: 2/2
   107 | D:1      | Reached skill level 2 in Short Blades
   109 | D:1      | Reached XP level 2. HP: 14/16 MP: 1/3
   701 | D:2      | Reached XP level 3. HP: 20/20 MP: 4/4
   769 | D:2      | Reached XP level 4. HP: 24/24 MP: 3/5
   885 | D:2      | Noticed a phantom
   900 | D:2      | Killed a phantom
   901 | D:2      | Reached XP level 5. HP: 28/28 MP: 6/6
   936 | D:2      | Reached skill level 3 in Short Blades
  1471 | D:3      | Reached XP level 6. HP: 33/33 MP: 7/7
  1506 | D:3      | Noticed Sigmund
  1535 | D:3      | Killed Sigmund
  1536 | D:3      | Reached skill level 5 in Shields
  1563 | D:3      | Found an iron altar of Okawaru.
  1571 | D:3      | Found a shimmering altar of Xom.
  1635 | D:3      | Noticed Terence
  1651 | D:3      | Killed Terence
  1678 | D:3      | Noticed Natasha
  1686 | D:3      | Killed Natasha
  1687 | D:3      | Reached XP level 7. HP: 32/38 MP: 8/8
  1731 | D:3      | Found a glowing drain.
  1741 | Sewer    | Entered a sewer
  1772 | Sewer    | Reached skill level 4 in Short Blades
  1871 | Sewer    | Reached skill level 5 in Fighting
  2157 | Sewer    | Reached skill level 5 in Short Blades
  2157 | Sewer    | Gained mutation: You have razor-sharp teeth. [Vine Stalker
                  | growth]
  2157 | Sewer    | Reached XP level 8. HP: 44/44 MP: 9/9
  3114 | D:4      | Noticed Blork the orc
  3313 | D:4      | Killed Blork the orc
  3314 | D:4      | Reached skill level 6 in Short Blades
  3813 | D:5      | Entered Level 5 of the Dungeon
  4068 | D:5      | Found a white marble altar of Elyvilon.
  4337 | D:5      | Reached XP level 9. HP: 50/50 MP: 10/10
  4396 | D:5      | Found a broken altar of Ashenzari.
  4541 | D:6      | Reached skill level 7 in Short Blades
  4633 | D:6      | Found a burning altar of Makhleb.
  4633 | D:6      | Noticed a cacodemon
  4674 | D:6      | Found a staircase to the Ecumenical Temple.
  4684 | D:6      | You fall into a shaft and drop 3 floors!
  4903 | D:6      | Found a snail-covered altar of Cheibriados.
  4910 | D:6      | Reached skill level 8 in Short Blades
  4924 | Temple   | Entered the Ecumenical Temple
  5069 | D:3      | Became a worshipper of Warmaster Okawaru
  5622 | D:7      | Found Zeqesmig's Weapon Emporium.
  5729 | D:7      | Noticed Joseph
  5755 | D:7      | Killed Joseph
  5755 | D:7      | Reached * piety under Okawaru
  5756 | D:7      | Reached skill level 9 in Short Blades
  5806 | D:7      | Found a stormy altar of Qazlal.
  5983 | D:7      | Reached XP level 10. HP: 57/57 MP: 11/11
  6224 | D:8      | Noticed a two-headed ogre
  6257 | D:8      | Slain by a two-headed ogre

Illustrated notes

Levels and vault maps discovered:
D:1:      co_arrival_square_in_a_square_in_a_square, layout_basic
D:2:      layout_loops_ring
D:3:      layout_rooms, amethyst_overflow_temple_binary,
          cheibrodos_sewer_entry_bend, nrook_campfire, uniq_sigmund,
          uniq_terence, uniq_natasha
D:4:      kennysheep_big_flooded_room, layout_loops_ring, kennysheep_dice,
          uniq_blork_the_orc
D:5:      minmay_angry_zag, layout_basic, elyvilon_altar_3,
          mainiacjoe_overflow_boulevard, hangedman_decor_growths,
          serial_bayou_pond_a, nicolae_kite_square_tiling_tiny
D:6:      layout_rooms, makhleb_altar_promises_db, slow_altar_1,
          minmay_temple_entry_overgrown
D:7:      layout_loops_ring, nicolae_qazlal_eye_of_the_storm, serial_shops,
          nicolae_shop_bloodbath_and_beyond, uniq_joseph
D:8:      layout_layer_cave, kennysheep_mini_moat, enter_bailey_5
D:9:      layout_cave_pools, dpeg_oklobed_lair, orc_0_dummy,
          gammafunk_ghost_ooze, lightli_orcish_oven
Temple:   chequers_temple_sunken

Skill      XL: |  1  2  3  4  5  6  7  8  9 |
---------------+----------------------------+-----
Short Blades   | 2 3 5 6 9 |  9.1
Fighting       | 3 4 5 7 8 |  8.5
Shields        | 3 4 5 |  5.0
Armour         | |  2.4

Action                     |  1- 3 |  4- 6 |  7- 9 | 10-12 || total
---------------------------+-------+-------+-------+-------++-------
  Melee: Rapier            |    76 |   132 |   346 |       ||   554
         Bite              |    11 |    41 |   223 |     9 ||   284
         Dagger            |       |       |   256 |    26 ||   282
    Use: Scroll            |       |       |     7 |       ||     7
         Potion            |       |       |       |     1 ||     1
   Stab: Held in net/web   |       |       |     1 |       ||     1
 Armour: Plate armour      |    64 |    81 |   315 |    14 ||   474
  Dodge: Dodged            |    13 |    19 |    68 |     2 ||   102
  Block: Buckler           |    36 |    46 |   236 |    11 ||   329
         Reflection        |     3 |     1 |    10 |       ||    14

Table legend: (Time is in decaauts)
 A = Elapsed time spent in this place.
 B = Non-inter-level travel time spent in this place.
 C = Inter-level travel time spent in this place.
 D = Time resting spent in this place.
 E = Time spent auto-exploring this place.
 F = Levels seen in this place.
 G = Mean time per level.
                   A        B        C        D        E       F      G
               +--------+--------+--------+--------+--------+-----+--------+
         Total |   6341 |   5949 |    392 |     18 |   4432 |  11 |  576.5 |
       Dungeon |   5333 |   4965 |    368 |     18 |   3769 |   9 |  592.6 |
        Temple |     52 |     28 |     24 |      0 |      0 |   1 |   52.0 |
         Sewer |    954 |    954 |      0 |      0 |    663 |   1 |  954.0 |
               +--------+--------+--------+--------+--------+-----+--------+

Top non-repeatable levels by time:
     D:4: 1093 daAuts
   Sewer: 954 daAuts
     D:5: 751 daAuts
     D:7: 715 daAuts
     D:3: 703 daAuts
     D:2: 693 daAuts
     D:1: 652 daAuts
     D:6: 560 daAuts
     D:8: 141 daAuts
  Temple: 52 daAuts
     D:9: 22 daAuts
